 Dungeon Crawl Stone Soup version 0.28-a0-8-g6e044cfa68 (webtiles) character file.

Game seed: 15074122009533137053

398 Spaninq the Chiller (level 6, -3/41 HPs)
             Began as a Merfolk Ice Elementalist on July 24, 2021.
             Splashed by a jelly's acid (9 damage)
             ... on level 5 of the Dungeon.
             The game lasted 00:11:10 (4436 turns).

Spaninq the Chiller (Merfolk Ice Elementalist)      Turns: 4436, Time: 00:11:12

Health: -3/41      AC:  4    Str: 10    XL:     6   Next: 83%
Magic:  3/12       EV: 12    Int: 21    God:
Gold:   116        SH:  0    Dex: 14    Spells: 6/13 levels left

rFire   . . .      SeeInvis .   s - +4 quarterstaff (chaos)
rCold   . . .      Faith    .   (shield currently unavailable)
rNeg    . . .      Spirit   .   a - +0 robe
rPois   .          Reflect  .   r - +0 helmet
rElec   .          Harm     .   t - +1 cloak
rCorr   .          Rampage  .   (no gloves)
Will    .....                   (no boots)
Stlth   ++........              (no amulet)
HPRegen 0.13/turn               h - +6 ring of intelligence
MPRegen 0.13/turn               w - +4 ring of protection

@: ice-armoured, corroded
A: (nimble swimmer 2), mertail
a: no special abilities


You were on level 5 of the Dungeon.
You visited 1 branch of the dungeon, and saw 5 of its levels.

You collected 116 gold pieces.

Inventory:

Hand Weapons
 s - a +4 quarterstaff of chaos (weapon)
Armour
 a - a +0 robe (worn)
 m - a +0 ring mail
 r - a +0 helmet (worn)
 t - a +1 cloak (worn)
Jewellery
 h - a +6 ring of intelligence (left hand)
 u - a ring of positive energy
 w - a +4 ring of protection (right hand)
Wands
 o - a wand of polymorph (21)
Scrolls
 c - 7 scrolls of identify {unknown}
 d - a scroll of torment {unknown}
 g - 2 scrolls of fog {unknown}
 i - a scroll of holy word {unknown}
 j - a scroll of magic mapping {unknown}
 k - a scroll of immolation {unknown}
 v - a scroll of enchant armour {unknown}
Potions
 b - a potion of magic {unknown}
 e - 2 potions of degeneration {unknown}
 f - a potion of mutation {unknown}
 l - a potion of invisibility {unknown}
 n - a potion of resistance {unknown}
 p - a potion of lignification {unknown}
 q - a potion of brilliance {unknown}
 x - a potion of haste {unknown}


   Skills:
 - Level 2.6 Dodging
 - Level 2.1 Stealth
 + Level 4.0 Spellcasting
 * Level 7.6 Ice Magic


You had 6 spell levels left.
You knew the following spells:

 Your Spells              Type           Power      Damage    Failure   Level
a - Freeze                Ice            100%       1d11      1%          1
b - Frozen Ramparts       Ice            72%        1d9       1%          3
c - Ozocubu's Armour      Ice            36%        N/A       1%          3

Your spell library contained the following spells:

 Spells                   Type           Power      Damage    Failure   Level
 Foxfire                  Conj/Fire      16%        2x1d4     12%         1
 Sublimation of Blood     Necr           2%         N/A       19%         2
 Wereblood                Tmut           4%         N/A       19%         2
 Hailstorm                Conj/Ice       20%        3d6       26%         4
 Conjure Flame            Conj/Fire      4%         6-21      34%         3
 Inner Flame              Hex/Fire       4%         N/A       34%         3
 Freezing Cloud           Conj/Ice/Air   7%         6-21      75%         5
 Simulacrum               Ice/Necr       10%        N/A       98%         6
 Summon Hydra             Summ           2%         N/A       100%        7
 Polar Vortex             Ice            18%        N/A       100%        9


Dungeon Overview and Level Annotations

Branches:
Dungeon (5/15)
 Temple: D:4-7

Altars:
Okawaru


Innate Abilities, Weirdness & Mutations

((You are quick and stealthy near water. (Stealth+, EV+, Speed+++)))
Your lower body shifts to a powerful aquatic tail in water.


Message History

Confirm with . or Enter, or press ? or * to list all spells.
A film of ice covers your body! The white imp barely misses you.
Casting: Ozocubu's Armour (safe; 1% risk of failure)
Confirm with . or Enter, or press ? or * to list all spells.
Casting: Frozen Ramparts (safe; 1% risk of failure)
Press: ? - help, Dir - look around, f - activate The walls around you are covered in ice.
The white imp resists.
The wall freezes the white imp.
The white imp hits you but does no damage.
You hit the white imp. You burn the white imp.
The white imp is severely wounded.
The white imp completely resists.
The wall freezes the white imp but does no damage.
The white imp misses you.
You sock the white imp!
You kill the white imp!
You start resting.
A jelly comes into view.
The frozen ramparts melt away.
The jelly quivers.
Casting: Frozen Ramparts (safe; 1% risk of failure)
Confirm with . or Enter, or press ? or * to list all spells.
Your icy armour thickens.
You hit the jelly.
You feel better. The acid corrodes you!
Your hands burn!
The jelly is moderately wounded.
The jelly hits you but does no damage.
You hit the jelly. You freeze the jelly. The acid corrodes you!
Your hands burn!
The jelly is heavily wounded.
The jelly hits you.
You are splashed with acid!
* * * LOW HITPOINT WARNING * * *
The jelly completely misses you.
You hit the jelly.
The jelly goes berserk!
The acid corrodes you!
Your hands burn!
* * * LOW HITPOINT WARNING * * *
The jelly is severely wounded.
The jelly hits you.
* * * LOW HITPOINT WARNING * * *
You are splashed with acid!
You die...

####.# #...#
.####. #.###
...#. #.# ##...
#.# # .... #.#
.###..#..###.#
..##.#....##.#
#......##..@J####
#....###...#....#
##...#
#..######......$.
#####....# #.##
####.....
#..<...#####.#
...>
#.........##.#
...
#.....###.##.# ..
#.....# #....# .
#....## ######


You could see a jelly (berserk).

Vanquished Creatures
  An ogre (D:4)
  A scorpion (D:4)
  Crazy Yiuf (D:3)
  2 hounds
  An orc wizard (D:4)
  A hound skeleton (D:4)
  A howler monkey zombie (D:4)
  2 adders (D:2)
  A white imp (D:5)
  2 worms
  A dart slug (D:3)
  4 orcs
  8 ball pythons
  7 endoplasms
  9 giant cockroaches
  3 goblins
  8 hobgoblins
  8 jackals
  6 bats
  2 frilled lizards
  3 kobolds
  7 rats
79 creatures vanquished.

Notes
Turn   | Place    | Note
-------+----------+-------------------------------------------
     0 | D:1      | Spaninq the Merfolk Ice Elementalist began the quest for
                  | the Orb.
     0 | D:1      | Reached XP level 1. HP: 13/13 MP: 3/3
   194 | D:1      | Found a faded altar of an unknown god.
   206 | D:1      | Reached XP level 2. HP: 19/19 MP: 0/5
   627 | D:1      | Reached skill level 5 in Ice Magic
   992 | D:2      | Reached XP level 3. HP: 24/24 MP: 4/6
  1779 | D:2      | Reached XP level 4. HP: 30/30 MP: 6/8
  2511 | D:3      | Learned a level 3 spell: Frozen Ramparts
  2515 | D:3      | Learned a level 3 spell: Ozocubu's Armour
  2630 | D:3      | Found a runed translucent door.
  2631 | D:3      | Noticed Crazy Yiuf
  3180 | D:3      | Killed Crazy Yiuf
  3181 | D:3      | Reached skill level 6 in Ice Magic
  3181 | D:3      | Reached XP level 5. HP: 28/35 MP: 0/9
  3360 | D:4      | Found an iron altar of Okawaru.
  3496 | D:4      | Reached XP level 6. HP: 19/41 MP: 11/11
  3625 | D:4      | Reached skill level 7 in Ice Magic
  4103 | D:5      | Entered Level 5 of the Dungeon
  4436 | D:5      | Splashed by a jelly's acid

Illustrated notes

Levels and vault maps discovered:
D:1:      minmay_arrival_wavy_path, layout_basic, basic_ecumenical_altar
D:2:      layout_basic, st_stairs_14
D:3:      layout_loops_cross, uniq_crazy_yiuf_cottage
D:4:      layout_cave_pools, okawaru_gym_becter
D:5:      layout_rooms, trog_three_pillars_becter

Skill      XL: |  1  2  3  4  5  6 |
---------------+-------------------+-----
Ice Magic      | 5 6 7 |  7.6
Spellcasting   | 3 4 |  4.0
Dodging        | |  2.6
Stealth        | |  2.1

Action                   |  1- 3 |  4- 6 || total
-------------------------+-------+-------++-------
Melee: Unarmed           |     3 |     4 ||     7
       Quarterstaff      |       |    35 ||    35
 Cast: Freeze            |    58 |    42 ||   100
       Ozocubu's Armour  |       |     8 ||     8
       Frozen Ramparts   |       |     6 ||     6
Armor: Robe              |     7 |    17 ||    24
Dodge: Dodged            |    29 |    46 ||    75

Table legend: (Time is in decaauts)
 A = Elapsed time spent in this place.
 B = Non-inter-level travel time spent in this place.
 C = Inter-level travel time spent in this place.
 D = Time resting spent in this place.
 E = Time spent auto-exploring this place.
 F = Levels seen in this place.
 G = Mean time per level.
                   A        B        C        D        E       F      G
               +--------+--------+--------+--------+--------+-----+--------+
         Total |   4443 |   4352 |     91 |    952 |   2714 |   5 |  888.6 |
       Dungeon |   4443 |   4352 |     91 |    952 |   2714 |   5 |  888.6 |
               +--------+--------+--------+--------+--------+-----+--------+

Top non-repeatable levels by time:
     D:2: 1358 daAuts
     D:4: 1007 daAuts
     D:3: 988 daAuts
     D:1: 949 daAuts
     D:5: 139 daAuts
